AoeStats
← chemeball

African Clearing

506562424Analyzed
4v4 RM · 19d ago on Sep 14, 2026· 57m 59s· 8 players
Game mode
Random Map
Map size
Large (8 player)
Population
200
Speed
Normal
Resources
Standard
Victory
Conquest
Starting age
Dark Age
Ending age
Imperial Age
RankedLock teamsTeams togetherTeam positionsShared explorationLock speedFull tech treeHidden civsTurbo modeCheats
Victory
Defeat
🇺🇸 Koreans · United States
1272
+14
🇵🇪 Huns · Peru
1226
+16
🇵🇪 Sicilians · Peru
1181
+18
🇨🇦 Franks · Canada
1165
+20
🇻🇳 Berbers · Vietnam
1279
-19
🇨🇳 Celts · China
1252
-18
🇲🇽 Vietnamese · Mexico
1233
-17
🇰🇷 Britons · South Korea
1166
-14
chemeball
9:46 Loom
14:42 Feudal Age
15:33 Double-Bit Axe
18:53 Castle Age
17:42 Fletching
19:32 Bodkin Arrow
24:21 Horse Collar
27:28 Bow Saw
29:48 Wheelbarrow
32:17 Stone Mining
32:18 Gold Mining
33:06 Ballistics
33:02 Town Watch
34:59 Hand Cart
35:08 Murder Holes
42:52 Imperial Age
40:35 Eupseong
41:45 Stone Shaft Mining
42:35 Masonry
43:43 Bracer
43:46 Heavy Rocket Cart
47:03 Chemistry
50:36 Two-Man Saw
52:45 Gold Shaft Mining
53:16 Elite Fire Lancer
55:30 Scale Mail Armor
55:40 Forging
55:43 Siege Engineers
55:26 Arrowslits
Bamboozlator
4:00 Loom
14:10 Feudal Age
19:45 Castle Age
20:23 Double-Bit Axe
29:10 Bow Saw
34:00 Husbandry
34:07 Scale Barding Armor
34:12 Forging
34:44 Forging
35:37 Chain Barding Armor
37:30 Iron Casting
37:05 Fletching
52:16 Imperial Age
52:38 Cavalier
53:55 Plate Barding Armor
55:55 Blast Furnace
55:49 Paladin
Inka_Roca
10:36 Loom
15:27 Feudal Age
20:27 Castle Age
19:14 Double-Bit Axe
20:58 Wheelbarrow
26:22 Scale Mail Armor
26:49 Hand Cart
27:20 Chain Mail Armor
51:06 Imperial Age
50:03 Forging
53:37 First Crusade
54:15 Plate Mail Armor
54:22 Iron Casting
53:46 Pikeman
55:25 Elite Serjeant
57:16 Blast Furnace
Kiyopon
4:03 Loom
14:23 Feudal Age
21:45 Castle Age
21:24 Bloodlines
21:21 Scale Barding Armor
21:26 Forging
21:31 Stone Mining
21:46 Double-Bit Axe
27:02 Husbandry
28:19 Fletching
28:30 Padded Archer Armor
32:07 Wheelbarrow
33:29 Bodkin Arrow
33:35 Padded Archer Armor
35:08 Leather Archer Armor
35:45 Gold Mining
39:59 Imperial Age
37:54 Hand Cart
37:40 Horse Collar
38:55 Chain Barding Armor
39:10 Iron Casting
40:37 Iron Casting
40:18 Marauders
40:26 Heavy Plow
41:16 Conscription
41:34 Plate Barding Armor
41:01 Bracer
42:45 Gold Shaft Mining
41:51 Cavalier
43:19 Masonry
44:51 Blast Furnace
43:53 Elite Tarkan
55:31 Town Watch
57:13 Scale Mail Armor
[SotC] Memowolf
3:14 Loom
12:42 Feudal Age
13:32 Double-Bit Axe
21:07 Castle Age
19:39 Fletching
19:50 Padded Archer Armor
20:01 Stone Mining
21:02 Gold Mining
22:23 Bow Saw
24:38 Crossbowman
30:34 Bodkin Arrow
32:42 Wheelbarrow
36:10 Imperial Age
34:41 Thumb Ring
35:22 Leather Archer Armor
37:12 Paper Money
37:04 Arbalester
38:43 Hand Cart
40:03 Two-Man Saw
40:35 Bracer
41:06 Ring Archer Armor
40:18 Pikeman
42:41 Halberdier
42:46 Elite Skirmisher
44:02 Forging
43:53 Scale Mail Armor
43:46 Imperial Skirmisher
44:35 Horse Collar
45:56 Iron Casting
47:28 Cavalier
48:19 Bloodlines
48:16 Scale Barding Armor
48:27 Chain Mail Armor
49:41 Heavy Plow
50:53 Chain Barding Armor
53:28 Plate Barding Armor
53:23 Plate Mail Armor
53:55 Elite Battle Elephant
Noobie
3:32 Loom
15:14 Feudal Age
15:45 Double-Bit Axe
15:55 Gold Mining
16:17 Horse Collar
23:10 Fletching
30:23 Castle Age
29:41 Stone Mining
31:03 Bodkin Arrow
30:46 Crossbowman
32:11 Heavy Plow
32:50 Padded Archer Armor
40:58 Imperial Age
41:50 Bracer
42:19 Guilds
43:40 Arbalester
45:57 Chemistry
46:31 Ballistics
46:07 Pikeman
48:02 Arrowslits
48:36 Guard Tower
49:52 Leather Archer Armor
51:15 Wheelbarrow
50:25 Town Watch
51:59 Murder Holes
52:15 Masonry
53:39 Hoardings
TạNgànCân
4:49 Loom
12:58 Feudal Age
17:28 Castle Age
15:37 Double-Bit Axe
16:14 Gold Mining
19:00 Bow Saw
22:04 Bloodlines
22:10 Forging
22:06 Scale Barding Armor
24:38 Husbandry
29:10 Chain Barding Armor
29:26 Iron Casting
30:13 Fletching
31:04 Horse Collar
40:35 Wheelbarrow
40:49 Bodkin Arrow
47:23 Hand Cart
51:24 Imperial Age
51:30 Imperial Age
52:00 Heavy Plow
51:58 Cavalier
52:43 Bracer
53:21 Plate Barding Armor
53:47 Blast Furnace
53:13 Conscription
53:36 Bracer
55:30 Heavy Camel Rider
好邻居
3:46 Loom
14:01 Feudal Age
19:19 Wheelbarrow
20:50 Double-Bit Axe
20:46 Horse Collar
20:57 Gold Mining
24:11 Castle Age
22:17 Stone Mining
25:35 Hand Cart
25:23 Husbandry
28:28 Scale Barding Armor
34:34 Ballistics
36:20 Gold Shaft Mining
47:14 Imperial Age
44:33 Town Watch
46:45 Light Cavalry
47:50 Hussar
49:34 Chain Barding Armor
49:26 Forging
50:20 Chemistry
49:27 Siege Engineers
49:46 Conscription
50:15 Hussar
53:15 Iron Casting
55:53 Heavy Scorpion
55:57 Capped Ram
56:19 Pikeman
57:06 Fletching
58:16 Blast Furnace
57:31 Furor Celtica
Connection lost

Rejoining the realm…

Still unreachable

The connection could not be restored.

Session expired

The server has moved on; the page needs a fresh start.